[Event "Titled Tuesday Blitz January 10 Late 2023"]
[White "Hernandez Gonzalez, William"]
[Black "Dubov, Daniil"]
[WhiteFideId "3509915"]
[BlackFideId "24126055"]
[WhiteElo "2489"]
[BlackElo "2708"]
[Result "0-1"]
[Round "02"]
[TimeControl "180+2"]
[Date "2023.01.10"]
[WhiteClock "0:00:18"]
[BlackClock "0:01:05"]

1. e4 c5 2. Nf3 e6 3. g3 d5 4. exd5 exd5 5. d4 cxd4 6. Nxd4 Nc6 7. Bg2 Bc5 8. Be3 Qb6 9. Qe2 Nge7 10. Nxc6 bxc6 11. Bxc5 Qxc5 12. Nd2 O-O 13. Nb3 Qd6 14. O-O Ng6 15. Qe3 Bf5 16. c3 Rfe8 17. Qc5 Qxc5 18. Nxc5 Re2 19. b3 Rae8 20. Bf3 Rc2 21. Rfc1 Rb2 22. Na4 Rd2 23. Rd1 Ne5 24. Bg2 Rxd1+ 25. Rxd1 Bg4 26. Rc1 Nd3 27. Ra1 Re2 28. h3 Bf5 29. g4 Be4 30. f3 Bg6 31. Bf1 Rd2 32. Bxd3 Bxd3 33. Nc5 h5 34. a4 Kh7 35. a5 Kg6 36. Re1 hxg4 37. hxg4 Kg5 38. Nxd3 Rxd3 39. Re7 Kf4 40. Rxf7+ Kg3 41. Kf1 Rxf3+ 42. Rxf3+ Kxf3 43. Ke1 Ke3 0-1


[Site "https://www.chess.com"]

[Event "Titled Tuesday Blitz January 10 Late 2023"]
[White "Fedoseev, Vladimir"]
[Black "Taboas Rodriguez, Daniel"]
[WhiteFideId "24130737"]
[BlackFideId "2208466"]
[WhiteElo "2680"]
[BlackElo "2371"]
[Result "1-0"]
[Round "02"]
[TimeControl "180+2"]
[Date "2023.01.10"]
[WhiteClock "0:00:42"]
[BlackClock "0:00:01"]

1. e4 e5 2. Nf3 Nc6 3. Bb5 Nf6 4. d3 d6 5. d4 Bd7 6. d5 Ne7 7. Bxd7+ Nxd7 8. c4 h6 9. Nc3 g6 10. g4 Bg7 11. h4 O-O 12. h5 Nf6 13. hxg6 Nxg6 14. g5 hxg5 15. Bxg5 Qd7 16. Qe2 Nh7 17. Be3 f5 18. Rxh7 Kxh7 19. Ng5+ Kg8 20. Qh5 Rf6 21. exf5 Qxf5 22. Nce4 Nf4 23. Nxf6+ Qxf6 24. Bxf4 exf4 25. Kf1 Qf5 26. Re1 Rf8 27. Re7 f3 28. Kg1 Bf6 29. Re4 Bxg5 30. Rg4 Qb1+ 31. Kh2 Rf5 32. Qg6+ 1-0


[Site "https://www.chess.com"]

[Event "Titled Tuesday Blitz January 10 Late 2023"]
[White "Volkov, Maksim"]
[Black "Naroditsky, Daniel"]
[WhiteFideId "54123070"]
[BlackFideId "2026961"]
[WhiteElo "2258"]
[BlackElo "2618"]
[Result "0-1"]
[Round "02"]
[TimeControl "180+2"]
[Date "2023.01.10"]
[WhiteClock "0:00:31"]
[BlackClock "0:00:41"]

1. d4 Nf6 2. c4 g6 3. g3 Bg7 4. Bg2 O-O 5. Nf3 d6 6. O-O Nbd7 7. Nc3 e5 8. e4 exd4 9. Nxd4 Re8 10. Re1 Nc5 11. h3 Bd7 12. Qc2 Nfxe4 13. Nxe4 Bxd4 14. Bg5 f6 15. Bh6 Bc6 16. Rad1 f5 17. Rxd4 Bxe4 18. Bxe4 fxe4 19. b4 Qf6 20. Qd2 Nd7 21. Rdxe4 Rxe4 22. Rxe4 Ne5 23. Qd5+ Nf7 24. Qxb7 Rd8 25. Be3 d5 26. cxd5 Nd6 27. Bd4 Qf7 0-1


[Site "https://www.chess.com"]

[Event "Titled Tuesday Blitz January 10 Late 2023"]
[White "Duda, Jan-Krzysztof"]
[Black "Baskin, Robert"]
[WhiteFideId "1170546"]
[BlackFideId "24662402"]
[WhiteElo "2724"]
[BlackElo "2442"]
[Result "1/2-1/2"]
[Round "02"]
[TimeControl "180+2"]
[Date "2023.01.10"]
[WhiteClock "0:00:01"]
[BlackClock "0:00:10"]

1. e4 Nc6 2. Nf3 d6 3. d4 Nf6 4. Bd3 g6 5. c3 Bg7 6. Bg5 e5 7. dxe5 Nxe5 8. Nxe5 dxe5 9. Qe2 O-O 10. h3 h6 11. Be3 Be6 12. O-O Nh5 13. Nd2 Qe7 14. Bc4 a6 15. b4 Rfd8 16. Bxe6 Qxe6 17. Qc4 Nf4 18. Qxe6 Nxe6 19. Nc4 b6 20. Rfc1 h5 21. h4 f6 22. Kf1 Bf8 23. g3 b5 24. Na5 c5 25. a3 Rac8 26. Ke2 Kf7 27. Rd1 cxb4 28. Rxd8 Nxd8 29. cxb4 Ne6 30. Rd1 Ke8 31. Rd3 Be7 32. f4 exf4 33. gxf4 f5 34. exf5 gxf5 35. Rd5 Bxh4 36. Rxf5 Bg3 37. Nb7 Bxf4 38. Rxh5 Rc2+ 39. Kd3 Ra2 40. Bb6 Bc7 41. Bxc7 Rxa3+ 42. Ke4 Nxc7 43. Rh7 Rc3 44. Ke5 Kf8 45. Nc5 Ne8 46. Nxa6 Rc6 47. Nc5 Rg6 48. Ne6+ Kg8 49. Rb7 Rh6 50. Nf4 Nd6 51. Rc7 Nc4+ 52. Kf5 Rd6 53. Rc5 Ne3+ 54. Ke4 Nc4 55. Rxb5 Rf6 56. Rc5 Nd2+ 57. Ke5 Rb6 58. Nd5 Rb8 59. b5 Nb3 60. Rc7 Rxb5 61. Ke6 Nd4+ 62. Ke5 Nf3+ 63. Kd6 Nd4 64. Nf6+ Kf8 65. Ra7 Rf5 66. Nd7+ Kg8 67. Rb7 Rb5 68. Rc7 Rb6+ 69. Nxb6 Nb5+ 70. Kd7 Nxc7 1/2-1/2


[Site "https://www.chess.com"]

[Event "Titled Tuesday Blitz January 10 Late 2023"]
[White "UnknownMagician"]
[Black "Vachier-Lagrave, Maxime"]
[BlackFideId "623539"]
[WhiteElo "2662"]
[BlackElo "2742"]
[Result "0-1"]
[Round "02"]
[TimeControl "180+2"]
[Date "2023.01.10"]
[WhiteClock "0:00:14"]
[BlackClock "0:00:23"]

1. c4 e5 2. Nc3 Nf6 3. g3 Bb4 4. Bg2 O-O 5. Qb3 Na6 6. a3 Be7 7. d3 Re8 8. Nf3 Bf8 9. O-O c6 10. e3 d5 11. cxd5 cxd5 12. d4 e4 13. Ne5 Nc7 14. Bd2 Bd6 15. Nb5 Nxb5 16. Qxb5 a6 17. Qb3 Rb8 18. Bc3 Be6 19. Rac1 h5 20. h3 Nh7 21. Bb4 Bc7 22. Rc2 Ng5 23. Kh2 h4 24. Rfc1 Rc8 25. Qa4 hxg3+ 26. fxg3 Bxe5 27. dxe5 Rxc2 28. Qxc2 Nf3+ 29. Bxf3 exf3 30. Qf2 Qg5 31. Qxf3 Qxe5 32. Bc3 Qg5 33. Qf4 Qg6 34. Rf1 f6 35. Rf2 Bf7 36. Qc7 Rxe3 37. Bd4 Rd3 38. Bc5 Be6 39. Bd6 Qh5 40. h4 Qg4 0-1


[Site "https://www.chess.com"]

[Event "Titled Tuesday Blitz January 10 Late 2023"]
[White "Atanasov, Anthony"]
[Black "Andreikin, Dmitry"]
[WhiteFideId "2623897"]
[BlackFideId "4158814"]
[WhiteElo "2368"]
[BlackElo "2729"]
[Result "0-1"]
[Round "02"]
[TimeControl "180+2"]
[Date "2023.01.10"]
[WhiteClock "0:00:19"]
[BlackClock "0:02:04"]

1. d4 Nf6 2. Nf3 e6 3. Bf4 Nh5 4. Bg5 Be7 5. Bxe7 Qxe7 6. e4 d6 7. c3 e5 8. Nbd2 O-O 9. Bc4 Nc6 10. O-O Nf4 11. Re1 Qf6 12. Nf1 Bg4 13. Ne3 Nh3+ 14. Kf1 Bxf3 15. Qxf3 Qxf3 16. gxf3 exd4 17. Nd5 dxc3 18. f4 cxb2 19. Rab1 Na5 20. Be2 c6 21. Ne7+ Kh8 22. Rxb2 g6 23. e5 dxe5 24. fxe5 Rae8 25. Bg4 Nf4 26. Re4 Nd3 27. Rd2 Nc5 28. Rf4 Rxe7 0-1


[Site "https://www.chess.com"]

[Event "Titled Tuesday Blitz January 10 Late 2023"]
[White "Sevian, Samuel"]
[Black "Carnicelli, Valerio"]
[WhiteFideId "2040506"]
[BlackFideId "856185"]
[WhiteElo "2684"]
[BlackElo "2370"]
[Result "1-0"]
[Round "02"]
[TimeControl "180+2"]
[Date "2023.01.10"]
[WhiteClock "0:01:10"]
[BlackClock "0:00:30"]

1. d4 Nf6 2. c4 g6 3. Nc3 Bg7 4. e4 d6 5. h3 O-O 6. Nf3 Na6 7. Bg5 h6 8. Be3 e5 9. d5 Nc5 10. Nd2 a5 11. g4 Nh7 12. h4 Bd7 13. h5 g5 14. Be2 a4 15. Qc2 Nf6 16. f3 c6 17. O-O Qc8 18. Kh1 Nxg4 19. Bxc5 dxc5 20. fxg4 Bxg4 21. Qd3 Bxe2 22. Nxe2 cxd5 23. cxd5 b5 24. Rf5 c4 25. Qc3 Qc5 26. a3 Rab8 27. Rc1 b4 28. axb4 Rxb4 29. Kg2 Rfb8 30. Rc2 Qb5 31. Rf2 Bf8 32. Qf3 Qd7 33. Nxc4 Bg7 34. Ng3 Rc8 35. Ne3 Rcb8 36. Ngf5 Bf8 37. Ng4 Kh8 38. Nxe5 Qa7 39. Nc6 1-0


[Site "https://www.chess.com"]

[Event "Titled Tuesday Blitz January 10 Late 2023"]
[White "Solon, Nathan"]
[Black "Theodorou, Nikolas"]
[WhiteFideId "2017229"]
[BlackFideId "4262875"]
[WhiteElo "2306"]
[BlackElo "2591"]
[Result "0-1"]
[Round "02"]
[TimeControl "180+2"]
[Date "2023.01.10"]
[WhiteClock "0:00:18"]
[BlackClock "0:00:24"]

1. Nf3 Nf6 2. g3 g6 3. b3 Bg7 4. Bb2 O-O 5. Bg2 d6 6. d4 b5 7. O-O Bb7 8. c4 a6 9. Nc3 Ne4 10. Qc2 Nxc3 11. Bxc3 Nd7 12. e4 e6 13. Rfe1 Qe7 14. Bb2 Rfc8 15. h4 h6 16. Rad1 bxc4 17. bxc4 Rab8 18. Ba1 Ba8 19. Nd2 Nb6 20. Nb3 Bc6 21. Rb1 Ba4 22. Qd3 Nd7 23. Na5 c5 24. Qa3 Bc6 25. d5 Ba8 26. Bxg7 Kxg7 27. Bh3 Nf6 28. Qc3 Rxb1 29. Rxb1 Kg8 30. Re1 Re8 31. dxe6 fxe6 32. e5 dxe5 33. Qxe5 Kf7 34. Nb3 Nd7 35. Qf4+ Qf6 36. Qxh6 Ne5 37. Qh7+ Kf8 38. Qh6+ Kg8 39. Rxe5 Qxe5 40. Qxg6+ Kf8 41. Qh6+ Ke7 42. Qh7+ Kd6 43. Qa7 Bc6 44. Na5 Qe1+ 45. Bf1 Qxa5 0-1


[Site "https://www.chess.com"]

[Event "Titled Tuesday Blitz January 10 Late 2023"]
[White "Haydon, David L"]
[Black "Bortnyk, Olexandr"]
[WhiteFideId "415405"]
[BlackFideId "14120828"]
[WhiteElo "2253"]
[BlackElo "2605"]
[Result "0-1"]
[Round "02"]
[TimeControl "180+2"]
[Date "2023.01.10"]
[WhiteClock "0:01:34"]
[BlackClock "0:00:31"]

1. e4 Nf6 2. Nc3 d5 3. exd5 Nxd5 4. Nf3 g6 5. Bc4 Nxc3 6. bxc3 Bg7 7. O-O O-O 8. h3 c6 9. Re1 Nd7 10. Ba3 Re8 11. Qe2 e6 12. d4 Qa5 13. Bb4 Qc7 14. a4 a5 15. Ba3 b6 16. Rad1 Bb7 17. Ne5 Nxe5 18. dxe5 c5 19. Bb5 Red8 20. f4 Rxd1 21. Rxd1 Rd8 22. Rd3 Bf8 23. c4 Be7 24. Bb2 h5 25. Qd2 Be4 26. Rxd8+ Qxd8 27. Qxd8+ Bxd8 28. c3 Bh4 29. Bc1 Be1 30. Be3 Bxc3 31. Kh2 Be1 32. g4 hxg4 33. hxg4 g5 34. fxg5 Kg7 35. Kh3 Kg6 36. Bf4 Bf2 37. Kh2 Bh4 38. Kh3 Bxg5 39. Kg3 Bd3 40. Ba6 Bc2 41. Bb5 Bb3 42. Kf3 Bh4 43. Kg2 Bd1 44. Kh3 Be1 45. Be3 Be2 46. Bf4 Bf2 47. Kg2 Bh4 48. Kh3 Bd8 49. Bg3 Bg5 50. Bh2 Be3 51. Kg3 Kg5 52. Be8 Bxc4 53. Bxf7 Bf4+ 54. Kg2 Bxh2 55. Kxh2 Kxg4 56. Kg2 Kf4 57. Be8 Kxe5 58. Kf3 Kd4 59. Kf4 e5+ 60. Kf3 e4+ 61. Kf2 e3+ 62. Ke1 Kc3 63. Bb5 Bxb5 64. axb5 a4 65. Ke2 a3 66. Kxe3 a2 67. Ke4 a1=Q 68. Kd5 Qa5 69. Kc6 Kb4 70. Kb7 Kxb5 71. Kb8 c4 72. Kb7 c3 73. Kb8 c2 74. Kb7 c1=Q 75. Kb8 Ka4 76. Kb7 b5 77. Kb8 b4 0-1


[Site "https://www.chess.com"]

[Event "Titled Tuesday Blitz January 10 Late 2023"]
[White "Caruana, Fabiano"]
[Black "Vlassov, Nikolai"]
[WhiteFideId "2020009"]
[BlackFideId "4103360"]
[WhiteElo "2764"]
[BlackElo "2283"]
[Result "1/2-1/2"]
[Round "02"]
[TimeControl "180+2"]
[Date "2023.01.10"]
[WhiteClock "0:00:09"]
[BlackClock "0:00:10"]

1. d4 Nf6 2. c4 Nc6 3. Nc3 e5 4. d5 Ne7 5. Nf3 Ng6 6. h4 h5 7. e4 Ng4 8. Bg5 f6 9. Be3 Nxe3 10. fxe3 Bc5 11. Qd2 d6 12. Na4 Bb6 13. O-O-O Bg4 14. Kb1 Nf8 15. Be2 Nd7 16. Ne1 Nc5 17. Nxc5 Bxc5 18. Bxg4 hxg4 19. Nd3 Bb6 20. Qe2 Qd7 21. Nf2 f5 22. Ka1 g3 23. Nh3 fxe4 24. Ng5 O-O-O 25. Nxe4 Qe7 26. Qg4+ Kb8 27. Qxg3 Rh6 28. Ng5 Rf8 29. Rdf1 Rhf6 30. Rxf6 Qxf6 31. a3 a5 32. Ne6 Rf7 33. h5 a4 34. Ka2 Qf5 35. Qf3 Qxf3 36. gxf3 Bxe3 37. Rh3 c6 38. Kb1 cxd5 39. cxd5 Ka7 40. Kc2 Kb6 41. Rg3 Bh6 42. Kd3 Kb5 43. Rg4 Rxf3+ 44. Ke2 Rf7 45. Rb4+ Ka5 46. Nd8 Rf4 47. Nxb7+ Ka6 48. Rxf4 Bxf4 49. Nxd6 Bc1 50. Nc4 Kb5 51. Kd3 e4+ 52. Kc3 e3 53. Ne5 e2 54. Nf3 Kc5 55. Kc2 Bf4 56. Kd3 Kxd5 57. Kxe2 Bc1 58. Kd3 Bxb2 59. Nd2 Bxa3 60. Nc4 Bf8 61. Nb6+ Ke5 62. Nxa4 Kf5 63. Nc3 Kg5 64. Ke4 Kxh5 65. Kf3 g5 66. Nd5 g4+ 67. Kg2 Bd6 68. Nf6+ Kh4 69. Nxg4 1/2-1/2


[Site "https://www.chess.com"]

[Event "Titled Tuesday Blitz January 10 Late 2023"]
[White "Barria Zuniga, Daniel"]
[Black "Xiong, Jeffery"]
[WhiteFideId "3400816"]
[BlackFideId "2047640"]
[WhiteElo "2341"]
[BlackElo "2692"]
[Result "1/2-1/2"]
[Round "02"]
[TimeControl "180+2"]
[Date "2023.01.10"]
[WhiteClock "0:00:11"]
[BlackClock "0:00:20"]

1. e4 c5 2. Nf3 Nf6 3. Nc3 Nc6 4. d4 cxd4 5. Nxd4 e5 6. Ndb5 d6 7. Bg5 a6 8. Na3 Be7 9. Nc4 Nd4 10. Bxf6 Bxf6 11. Nd5 b5 12. Nce3 Bg5 13. c3 Ne6 14. a4 bxa4 15. Qxa4+ Bd7 16. Qa5 O-O 17. Bd3 Nc5 18. Bc2 Bb5 19. Qxd8 Rfxd8 20. c4 Bc6 21. b4 Ne6 22. Ba4 Bb7 23. f3 Rac8 24. Kf2 Nd4 25. h4 Bh6 26. Ne7+ Kf8 27. Nxc8 Rxc8 28. Rhc1 g6 29. b5 a5 30. b6 Rc5 31. Rab1 f5 32. exf5 gxf5 33. g4 Bxe3+ 34. Kxe3 f4+ 35. Kf2 Nxf3 36. Rb5 Nd2 37. Rxc5 Ne4+ 38. Kg1 Nxc5 39. Bc2 h6 40. g5 hxg5 41. hxg5 a4 42. Bf5 Ke7 43. Rd1 e4 44. g6 Nd3 45. Ra1 Nb2 46. Ra2 Nxc4 47. Rxa4 d5 48. Ra7 Nd6 49. Rxb7+ Nxb7 50. Bc8 Na5 51. b7 Nc6 52. g7 Kf7 53. Be6+ Kxg7 54. Bxd5 Nb8 55. Bxe4 Kf6 56. Bf3 Ke5 57. Kg2 Kd6 58. Kh3 Kc7 59. Kg4 Nd7 60. Kxf4 Nc5 61. Kg3 Nxb7 1/2-1/2


[Site "https://www.chess.com"]

[Event "Titled Tuesday Blitz January 10 Late 2023"]
[White "Chigaev, Maksim"]
[Black "Postnikov, Daniil"]
[WhiteFideId "4108116"]
[BlackFideId "4166329"]
[WhiteElo "2628"]
[BlackElo "2360"]
[Result "1-0"]
[Round "02"]
[TimeControl "180+2"]
[Date "2023.01.10"]
[WhiteClock "0:02:21"]
[BlackClock "0:02:26"]

1. e4 e6 2. d4 d5 3. Nd2 c5 4. Ngf3 cxd4 5. Nxd4 Nc6 6. Bb5 Bd7 7. Nxc6 bxc6 8. Bd3 Qc7 9. Qe2 Bd6 10. Nf3 e5 11. c4 Nf6 12. O-O dxe4 13. Bxe4 Nxe4 14. Qxe4 f5 15. Qh4 O-O 16. c5 1-0


[Site "https://www.chess.com"]

[Event "Titled Tuesday Blitz January 10 Late 2023"]
[White "Rostomyan, Mikayel"]
[Black "Bluebaum, Matthias"]
[WhiteFideId "13313754"]
[BlackFideId "24651516"]
[WhiteElo "2222"]
[BlackElo "2669"]
[Result "0-1"]
[Round "02"]
[TimeControl "180+2"]
[Date "2023.01.10"]
[WhiteClock "0:00:19"]
[BlackClock "0:02:00"]

1. d4 d5 2. Nf3 e6 3. c4 Nf6 4. g3 Nc6 5. Bg2 Bd6 6. O-O O-O 7. b3 dxc4 8. bxc4 e5 9. d5 Na5 10. Qc2 b6 11. Bb2 Re8 12. Nbd2 h6 13. Nb3 Nb7 14. a4 a5 15. Rac1 Bg4 16. Rfd1 Qd7 17. Nbd2 Nc5 18. Ra1 Bf5 19. e4 Nfxe4 20. Nh4 Nxg3 21. Nxf5 Qxf5 22. Qxf5 Nxf5 23. Ne4 Nd4 24. Bxd4 exd4 25. Nxc5 bxc5 26. Rab1 Re2 27. Bf1 Ra2 28. Ra1 Rxa1 29. Rxa1 Rb8 30. Re1 Rb4 31. Ra1 Rb3 32. Kg2 g6 33. h3 Kg7 34. Ra2 Kf6 35. Ra1 Bf4 36. Ra2 d3 37. Kf3 d2+ 38. Ke2 Rb1 0-1


[Site "https://www.chess.com"]

[Event "Titled Tuesday Blitz January 10 Late 2023"]
[White "Paravyan, David"]
[Black "Hsu, Li Yang"]
[WhiteFideId "4194985"]
[BlackFideId "5800080"]
[WhiteElo "2601"]
[BlackElo "2427"]
[Result "1-0"]
[Round "02"]
[TimeControl "180+2"]
[Date "2023.01.10"]
[WhiteClock "0:02:52"]
[BlackClock "0:01:58"]

1. e4 c6 2. d4 d5 3. e5 Bf5 4. h4 h5 5. Bd3 Bxd3 6. Qxd3 Qb6 7. e6 Nh6 8. Nf3 fxe6 9. Qg6+ Kd8 10. Ng5 Nd7 11. Nxe6+ Kc8 12. Qe8+ 1-0


[Site "https://www.chess.com"]

[Event "Titled Tuesday Blitz January 10 Late 2023"]
[White "Jobava, Baadur"]
[Black "Thomforde-Toates, Noah"]
[WhiteFideId "13601520"]
[BlackFideId "30951992"]
[WhiteElo "2578"]
[BlackElo "2124"]
[Result "1-0"]
[Round "02"]
[TimeControl "180+2"]
[Date "2023.01.10"]
[WhiteClock "0:01:47"]
[BlackClock "0:01:10"]

1. b3 b6 2. Bb2 Bb7 3. c4 e6 4. Nf3 Nf6 5. g3 Be7 6. Bg2 O-O 7. O-O c5 8. d3 Nc6 9. Nbd2 Qc7 10. e3 Rad8 11. Qe2 d5 12. Rfd1 dxc4 13. Nxc4 Nd5 14. Rac1 b5 15. Nce5 Nxe5 16. Bxe5 Qa5 17. h4 Rc8 18. h5 Bf6 19. h6 Bxe5 20. Nxe5 g6 21. Nd7 Rfd8 22. Qb2 f6 23. Bxd5 Bxd5 24. Nxf6+ Kf7 25. Nxh7 Rg8 26. e4 Ba8 27. Qf6+ 1-0


[Site "https://www.chess.com"]

[Event "Titled Tuesday Blitz January 10 Late 2023"]
[White "Tologon tegin, Semetei"]
[Black "Martinez Alcantara, Jose Eduardo"]
[WhiteFideId "13800574"]
[BlackFideId "3805662"]
[WhiteElo "2372"]
[BlackElo "2619"]
[Result "0-1"]
[Round "02"]
[TimeControl "180+2"]
[Date "2023.01.10"]
[WhiteClock "0:00:11"]
[BlackClock "0:01:00"]

1. Nf3 d5 2. g3 c6 3. Bg2 Bg4 4. d3 Nd7 5. O-O Ngf6 6. Qe1 e5 7. e4 dxe4 8. dxe4 Bc5 9. c3 O-O 10. Nbd2 Qe7 11. Nh4 Be6 12. Nf5 Bxf5 13. exf5 Rfe8 14. Ne4 Nxe4 15. Bxe4 Bb6 16. Qe2 h6 17. Kg2 Nf6 18. f3 Rad8 19. Bd2 Rd6 20. Rad1 Red8 21. Bc1 a5 22. a4 Qd7 23. Bc2 Nd5 24. h4 Qe7 25. Rfe1 Re8 26. Kh3 Qd7 27. Kg2 Nf6 28. Rxd6 Qxd6 29. Rd1 Qc5 30. g4 Nd5 31. Bb3 e4 32. fxe4 Nf6 33. Bc2 Qe5 34. Re1 Bc7 35. Qf3 Qh2+ 36. Kf1 Qxc2 37. g5 hxg5 38. hxg5 Nxe4 39. g6 fxg6 40. Rd1 Ng3+ 41. Kg1 Bb6+ 0-1


[Site "https://www.chess.com"]

[Event "Titled Tuesday Blitz January 10 Late 2023"]
[White "Keymer, Vincent"]
[Black "Hamley, Ryan"]
[WhiteFideId "12940690"]
[BlackFideId "30959497"]
[WhiteElo "2700"]
[BlackElo "2092"]
[Result "0-1"]
[Round "02"]
[TimeControl "180+2"]
[Date "2023.01.10"]
[WhiteClock "0:00:07"]
[BlackClock "0:00:05"]

1. a3 g6 2. Nf3 Bg7 3. d4 c5 4. d5 d6 5. e4 Nf6 6. Nc3 O-O 7. h3 e6 8. Bc4 exd5 9. Bxd5 Nxd5 10. Nxd5 Re8 11. O-O Nc6 12. Re1 Be6 13. Bg5 f6 14. Bf4 Kh8 15. Bg3 Qd7 16. Qd2 Rad8 17. Rad1 f5 18. Bh4 fxe4 19. Ng5 Bf5 20. c3 h6 21. Nxe4 Rxe4 22. Rxe4 Bxe4 23. Nf6 Qe7 24. Nxe4 Qxh4 25. Nxd6 Qf6 26. Qd5 Kh7 27. Rd3 Bf8 28. Ne4 Qe7 29. Qc4 Ne5 30. Rxd8 Nxc4 31. Rd7 Nxb2 32. Nf6+ Kg7 33. Rxe7+ Bxe7 34. Nd5 Bd6 35. Kf1 Nc4 36. a4 Kf7 37. Ke2 Ke6 38. Ne3 Nxe3 39. Kxe3 Ke5 40. c4 Be7 41. f4+ Kf5 42. g4+ Ke6 43. Ke4 Bd6 44. Ke3 Kf6 45. Ke4 Be7 46. Ke3 g5 47. f5 Ke5 48. Kd3 Kf4 49. a5 b6 50. a6 Bf6 51. Kc2 Ke4 52. Kb3 Kd4 53. Ka3 Kxc4 54. Ka4 b5+ 55. Ka5 Bd8# 0-1


[Site "https://www.chess.com"]

[Event "Titled Tuesday Blitz January 10 Late 2023"]
[White "Rastbod, Ali"]
[Black "Svane, Rasmus"]
[WhiteFideId "12567477"]
[BlackFideId "4657101"]
[WhiteElo "2318"]
[BlackElo "2623"]
[Result "0-1"]
[Round "02"]
[TimeControl "180+2"]
[Date "2023.01.10"]
[WhiteClock "0:00:21"]
[BlackClock "0:01:29"]

1. e4 c6 2. Nf3 d5 3. Nc3 dxe4 4. Nxe4 Nf6 5. Qe2 Nxe4 6. Qxe4 Qa5 7. b4 Qd5 8. Qe3 Bf5 9. c4 Qe4 10. Bb2 e6 11. a3 a5 12. b5 cxb5 13. cxb5 Nd7 14. Be2 Qxe3 15. fxe3 Nc5 16. Nd4 Nd3+ 17. Bxd3 Bxd3 18. a4 e5 19. Nf3 f6 20. Rc1 Bd6 21. Kf2 Kd7 22. Ne1 Be4 23. d3 Bd5 24. e4 Bb3 25. Ra1 Rhc8 26. Ke2 Bb4 27. h4 Bxe1 28. Kxe1 Rc2 29. Ba3 Rxg2 30. Rc1 Bxa4 31. b6 Rc8 0-1


[Site "https://www.chess.com"]

[Event "Titled Tuesday Blitz January 10 Late 2023"]
[White "Tica, Sven"]
[Black "Mamedyarov, Shakhriyar"]
[WhiteFideId "14526948"]
[BlackFideId "13401319"]
[WhiteElo "2431"]
[BlackElo "2738"]
[Result "0-1"]
[Round "02"]
[TimeControl "180+2"]
[Date "2023.01.10"]
[WhiteClock "0:02:24"]
[BlackClock "0:02:25"]

1. d4 Nf6 2. Nf3 g6 3. g3 Bg7 4. Bg2 O-O 5. O-O d6 6. b3 c5 7. Bb2 cxd4 8. Nxd4 d5 9. c4 dxc4 10. bxc4 Qb6 11. Qc1 Nc6 12. Nxc6 bxc6 13. Nc3 Be6 14. Ne4 Nxe4 15. Bxg7 Nxg3 16. Qc3 Nxe2+ 0-1


[Site "https://www.chess.com"]

[Event "Titled Tuesday Blitz January 10 Late 2023"]
[White "Czernek, Tymon"]
[Black "Zierk, Steven"]
[WhiteFideId "1199510"]
[BlackFideId "2034255"]
[WhiteElo "2314"]
[BlackElo "2488"]
[Result "0-1"]
[Round "02"]
[TimeControl "180+2"]
[Date "2023.01.10"]
[WhiteClock "0:00:06"]
[BlackClock "0:00:54"]

1. e4 e6 2. d4 d5 3. Nc3 Bb4 4. e5 c5 5. a3 Bxc3+ 6. bxc3 Qa5 7. Bd2 Qa4 8. Qb1 c4 9. f4 Nc6 10. Nf3 Bd7 11. Be2 O-O-O 12. O-O Nge7 13. Ra2 f6 14. Qe1 Be8 15. g4 Bg6 16. Bd1 Be4 17. Bc1 Rdf8 18. Nd2 f5 19. Nxe4 fxe4 20. f5 exf5 21. gxf5 Nxf5 22. Bg4 g6 23. Bh6 Rf7 24. e6 Re7 25. Bg5 Rxe6 26. Rxf5 gxf5 27. Bxf5 Re8 28. Qh4 Kc7 29. Bxe6 Rxe6 30. Qxh7+ Ne7 31. Bf4+ Kb6 32. Rb2+ Ka6 33. Qf7 Qd7 34. Rb1 e3 35. Re1 Re4 36. Qf6+ b6 37. Qg5 e2 38. Kf2 Qe6 39. h4 Qf7 40. Kf3 Ng6 41. Rxe2 Nxf4 42. Rxe4 Ne6+ 43. Rf4 Nxg5+ 44. hxg5 Qh5+ 45. Rg4 Qh3+ 46. Kf4 Qxc3 47. g6 Qxd4+ 48. Kf5 Qg7 49. Rh4 Qd7+ 50. Kf4 Qd6+ 51. Kg5 Qe7+ 52. Kh5 d4 53. Rg4 Qe5+ 54. Kh6 Qh8+ 55. Kg5 d3 56. Rxc4 d2 0-1


[Site "https://www.chess.com"]

[Event "Titled Tuesday Blitz January 10 Late 2023"]
[White "Tari, Aryan"]
[Black "Averjanov, Alexey"]
[WhiteFideId "1510045"]
[BlackFideId "14109867"]
[WhiteElo "2642"]
[BlackElo "2399"]
[Result "1-0"]
[Round "02"]
[TimeControl "180+2"]
[Date "2023.01.10"]
[WhiteClock "0:01:20"]
[BlackClock "0:01:07"]

1. d4 d5 2. Nf3 Nf6 3. Bf4 e6 4. e3 c5 5. c3 Bd6 6. Bg3 Qc7 7. dxc5 Qxc5 8. Nbd2 O-O 9. Bd3 Nbd7 10. Qe2 Bxg3 11. hxg3 h6 12. e4 dxe4 13. Nxe4 Nxe4 14. Qxe4 Nf6 15. Qe5 Qxe5+ 16. Nxe5 b6 17. O-O-O Bb7 18. f3 Rfd8 19. g4 Kf8 20. Bb5 Ke7 21. Bc6 Rdb8 22. Bxb7 Rxb7 23. Nc6+ Ke8 24. g5 Ng8 25. gxh6 Nxh6 26. g4 Rc7 27. Nd4 Rd8 28. g5 Ng8 29. Rh8 Ke7 30. Nf5+ exf5 31. Rxd8 Kxd8 32. Rxg8+ Ke7 33. Rxg7 Kf8 34. Rh7 Rc4 35. Kd2 Kg8 36. Rh6 Kg7 37. Rf6 f4 38. Kd3 Rc5 39. Rxf4 Rxg5 40. Rg4 Kf6 41. Rxg5 Kxg5 42. Ke4 1-0


[Site "https://www.chess.com"]

[Event "Titled Tuesday Blitz January 10 Late 2023"]
[White "Bjelobrk, Igor"]
[Black "Aravindh, Chithambaram VR."]
[WhiteFideId "4300726"]
[BlackFideId "5072786"]
[WhiteElo "2403"]
[BlackElo "2633"]
[Result "0-1"]
[Round "02"]
[TimeControl "180+2"]
[Date "2023.01.10"]
[WhiteClock "0:00:16"]
[BlackClock "0:00:50"]

1. Nf3 Nf6 2. c4 g6 3. Nc3 Bg7 4. e4 d6 5. d4 O-O 6. h3 Nc6 7. Be3 a6 8. Be2 e5 9. d5 Ne7 10. g4 Nd7 11. g5 f5 12. h4 fxe4 13. Nxe4 Nf5 14. Qd2 b5 15. cxb5 axb5 16. h5 Ra4 17. Nc3 e4 18. Nh2 Nxe3 19. fxe3 Qxg5 20. Nxa4 bxa4 21. hxg6 a3 22. Bg4 Nc5 23. Bxc8 Nd3+ 24. Kd1 axb2 25. Rb1 Rxc8 26. gxh7+ Kh8 27. Qe2 Qxd5 28. Ng4 Rf8 0-1


[Site "https://www.chess.com"]

[Event "Titled Tuesday Blitz January 10 Late 2023"]
[White "Jones, Gawain C B"]
[Black "Milosevic, Milos"]
[WhiteFideId "409561"]
[BlackFideId "964875"]
[WhiteElo "2618"]
[BlackElo "2420"]
[Result "1-0"]
[Round "02"]
[TimeControl "180+2"]
[Date "2023.01.10"]
[WhiteClock "0:00:57"]
[BlackClock "0:01:12"]

1. Nf3 Nc6 2. d4 d6 3. e4 Nf6 4. Nc3 g6 5. Bb5 Bd7 6. d5 Nb8 7. Bd3 Bg7 8. h3 c6 9. O-O O-O 10. Bg5 e6 11. Qd2 Re8 12. Rad1 exd5 13. exd5 c5 14. Qf4 Bc8 15. Rfe1 Rxe1+ 16. Rxe1 h6 17. Bxf6 Bxf6 18. Ne4 Kg7 19. Nxd6 Nd7 20. Re8 Qb6 21. Nxc8 Qxb2 22. Nd6 Rxe8 23. Nxe8+ Kh7 24. Nxf6+ Nxf6 25. d6 Qa1+ 26. Kh2 Kg7 27. Qe5 Qxe5+ 28. Nxe5 Kf8 29. Bc4 1-0


[Site "https://www.chess.com"]

[Event "Titled Tuesday Blitz January 10 Late 2023"]
[White "Melkumyan, Hrant"]
[Black "Leiva, Gianmarco"]
[WhiteFideId "13302485"]
[BlackFideId "3804399"]
[WhiteElo "2645"]
[BlackElo "2392"]
[Result "0-1"]
[Round "02"]
[TimeControl "180+2"]
[Date "2023.01.10"]
[WhiteClock "0:00:17"]
[BlackClock "0:00:06"]

1. d4 Nf6 2. c4 e6 3. Bf4 d5 4. e3 Bd6 5. Ne2 Bxf4 6. Nxf4 O-O 7. Nc3 c6 8. Rc1 Nbd7 9. Be2 dxc4 10. Bxc4 e5 11. Nfe2 Qe7 12. O-O Nb6 13. Bb3 Bg4 14. Qc2 Rad8 15. h3 Bc8 16. Rfd1 g6 17. Ne4 exd4 18. Nxf6+ Qxf6 19. Nxd4 Kg7 20. a4 a5 21. Qc5 Nd5 22. Qxa5 Rfe8 23. Bxd5 Rxd5 24. Qe1 Re4 25. b4 Qe7 26. Qc3 Kg8 27. Nb3 Rg5 28. Kh2 Rxb4 29. Nc5 Rh4 30. f4 Rgh5 31. Qd4 Bxh3 32. Qd8+ Qxd8 33. Rxd8+ Kg7 34. gxh3 Rxh3+ 35. Kg2 Rxe3 36. Rc2 Reh3 37. Rc4 Rh2+ 38. Kf3 R5h3+ 39. Ke4 Re2+ 40. Kd4 Rd2+ 41. Ke4 Rxd8 42. Nxb7 f5+ 43. Ke5 Re3+ 44. Re4 Rxe4# 0-1


[Site "https://www.chess.com"]